 Dungeon Crawl Stone Soup version 0.31.0 (webtiles) character file.

Game seed: 8663022632969618627

1014 qw the Skirmisher (level 8, -6/50 HPs)
             Began as a Gargoyle Hunter on Jan 19, 2024.
             Mangled by an orc warrior
             ... wielding a +0 halberd
              (11 damage)
             ... on level 5 of the Dungeon.
             The game lasted 00:00:19 (4246 turns).

qw the Skirmisher (Gargoyle Hunter)                 Turns: 4246, Time: 00:00:20

Health: -6/50      AC: 12    Str: 14    XL:     8   Next: 21%
Magic:  8/8        EV: 11    Int: 11    God:
Gold:   229        SH:  0    Dex: 15    Spells: 7/7 levels left

rFire   . . .        q - +0 longbow
rCold   . . .        (shield currently unavailable)
rNeg    + . .        m - +0 ring mail
rPois   inf          k - +0 helmet
rElec   +            (no cloak)
rCorr   .            (no gloves)
SInv    .            (no boots)
Will    .....        (no amulet)
Stlth   +            (no ring)
HPRegen 0.28/turn    (no ring)
MPRegen 0.11/turn

%: no passive effects
@: no status effects
A: sickness immunity, AC +5, negative energy resistance 1, electricity
resistance, torment resistance 1, petrification resistance
a: no special abilities


You were on level 5 of the Dungeon.
You visited 1 branch of the dungeon, and saw 5 of its levels.

You collected 229 gold pieces.


Innate Abilities, Weirdness & Mutations

You are immune to sickness and miasma.
Your stone body is resilient. (AC +5)
You are immune to poison.
You resist negative energy. (rN+)
You are resistant to electric shocks. (rElec)
You are resistant to unholy torment.
You are immune to petrification.


   Skills:
 - Level 5.4 Fighting
 + Level 8.5 Ranged Weapons
 - Level 2.4 Armour
 - Level 2.2 Dodging
 - Level 1.1 Stealth


You had 7 spell levels left.
You didn't know any spells.
Your spell library was empty.

Inventory:

Hand Weapons
 q - a +0 longbow (weapon)
Armour
 k - a +0 helmet (worn)
 m - a +0 ring mail (worn)
Jewellery
 e - a ring of ice
Wands
 c - a wand of polymorph (14)
 j - a wand of digging (8)
 n - a wand of flame (21)
Scrolls
 a - a scroll of enchant armour {unknown}
Potions
 b - a potion of curing
 d - a potion of enlightenment
 g - a potion of resistance
 h - a potion of might
 i - a potion of attraction {unknown}
 l - a potion of magic {unknown}
 o - a potion of haste {unknown}
 p - a potion of ambrosia {unknown}

Dungeon Overview and Level Annotations

Branches:
Dungeon (5/15)             Temple (0/1) D:5

Altars:
Cheibriados
Qazlal

Annotations:
D:4 2 transporters


Message History

The orc warrior shouts!
You hear a shout!
The orc warrior throws a boomerang.
The boomerang hits you but does no damage.
4237 ||| FLEEEEING.
The orc priest invokes the aid of Beogh against you.
Beogh smites you!
4239 ||| DRINKING potion of heal wounds.
You feel much better.
The orc warrior throws a boomerang.
The boomerang barely misses you.
You shoot an arrow.
The arrow closely misses the orc warrior.
You shoot an arrow.
The arrow hits the orc priest but does no damage.
The orc warrior hits you from afar with a +0 halberd.
The orc warrior hits you from afar with a +0 halberd!
You shoot an arrow. The arrow hits the orc priest.
The orc priest is heavily wounded.
The orc priest hits you but does no damage.
The orc warrior closely misses you.
You shoot an arrow.
The arrow hits the orc priest but does no damage.
The orc priest is heavily wounded.
The orc priest barely misses you.
The orc warrior hits you from afar with a +0 halberd.
The orc priest begins to cast a cantrip, but forgets the words!
The orc warrior hits you but does no damage.
You shoot an arrow.
The arrow closely misses the orc priest.
The arrow barely misses the orc warrior.
The orc priest hits you but does no damage.
The orc warrior hits you from afar with a +0 halberd.
You shoot an arrow. The arrow hits the orc priest.
The orc priest is severely wounded.
The orc priest hits you but does no damage.
The orc warrior hits you but does no damage.
The orc priest closely misses you.
You shoot an arrow. The arrow hits the orc priest.
The orc priest is severely wounded.
The orc warrior hits you from afar with a +0 halberd!
You die...

..... #... .............## ##.
..... #..# ###..........## #o
#.... #..# ##..........######.
#..o. #..# ##................
#....##..# ##.####.........#o
#........## #..# #........##.
.........o### #o.# #......###.
............####o## #.....###..
.#.......##...##@######....###...
##.....####)......#..........)..
##....###....###..............#
#..........## ##............#.
#..........# #...........#.#
#.........## ##.#........#.#.
#.........# #..###.....#.#.#
........## #.## #....#.#.#.
.##.....## ##.# #...#.#.#.#


You could see an orc warrior and an orc priest.

Vanquished Creatures
  Grinder (D:3)
  Edmund (D:4)
  An ogre (D:3)
  3 phantoms (D:5)
  2 scorpions
  A jelly (D:5)
  2 orc priests (D:5)
  2 iguanas
  An orc wizard (D:5)
  4 adders
  A dart slug (D:1)
  A ribbon worm (D:4)
  12 orcs
  7 endoplasms
  A giant cockroach (D:3)
  7 goblins
  2 hobgoblins
  2 jackals (D:1)
  A quokka (D:1)
  4 ball pythons
  6 bats
  2 frilled lizards (D:2)
  6 kobolds
  3 rats
73 creatures vanquished.

Notes
Turn   | Place    | Note
-------+----------+-------------------------------------------
     0 | D:1      | qw the Gargoyle Hunter began the quest for the Orb.
     0 | D:1      | Reached XP level 1. HP: 12/12 MP: 1/1
     0 | D:1      | 0 ||| qw: Version: 0.3-a-132-g3d54051
     0 | D:1      | 0 ||| qw: Game counter: 49
     0 | D:1      | 0 ||| qw: Melee chars always use a shield: true
     0 | D:1      | 0 ||| qw: God list: Okawaru
     0 | D:1      | 0 ||| qw: Allow faded altars: false
     0 | D:1      | 0 ||| qw: Do Orc after clearing Dungeon:15 true
     0 | D:1      | 0 ||| qw: Do second Lair branch before Depths: true
     0 | D:1      | 0 ||| qw: Lair rune preference: random
     0 | D:1      | 0 ||| qw: Goals: Normal
     0 | D:1      | 0 ||| PLANNING D:1-11
    47 | D:1      | 47 ||| DROPPING scroll of butterflies.
    94 | D:1      | Reached XP level 2. HP: 17/17 MP: 2/2
   887 | D:1      | 887 ||| READING scroll labelled FENETI DAHYN.
   887 | D:1      | 887 ||| IDENTIFYING clear potion
  1159 | D:2      | Reached skill level 5 in Ranged Weapons
  1159 | D:2      | Reached XP level 3. HP: 16/21 MP: 3/3
  1159 | D:2      | 1159 ||| FLEEEEING.
  1376 | D:2      | 1376 ||| FLEEEEING.
  1575 | D:2      | 1575 ||| UPGRADING to +0 helmet.
  1580 | D:2      | 1580 ||| UPGRADING to +0 ring mail.
  1590 | D:2      | 1590 ||| DROPPING +0 leather armour.
  1591 | D:2      | 1591 ||| READING scroll of identify.
  1591 | D:2      | 1591 ||| IDENTIFYING bubbling sapphire potion
  1592 | D:2      | 1592 ||| READING 2 scrolls labelled CUESCH QAOTAILA.
  1593 | D:2      | 1593 ||| DRINKING 2 coppery potions.
  1594 | D:2      | 1594 ||| DROPPING scroll of fear.
  1617 | D:3      | 1617 ||| STAIRDANCE
  1631 | D:3      | 1631 ||| STAIRDANCE
  1663 | D:3      | Reached skill level 1 in Armour
  1690 | D:3      | Found a snail-covered altar of Cheibriados.
  1844 | D:3      | Reached XP level 4. HP: 27/27 MP: 4/4
  1886 | D:3      | Reached skill level 3 in Fighting
  2101 | D:3      | Noticed Grinder
  2103 | D:3      | Paralysed by Grinder for 2 turns
  2114 | D:3      | Paralysed by Grinder for 3 turns
  2127 | D:3      | Paralysed by Grinder for 2 turns
  2133 | D:3      | Paralysed by Grinder for 2 turns
  2140 | D:3      | Killed Grinder
  2141 | D:3      | Reached skill level 7 in Ranged Weapons
  2141 | D:3      | Reached XP level 5. HP: 16/32 MP: 5/5
  2141 | D:3      | Reached XP level 6. HP: 19/37 MP: 6/6
  2141 | D:3      | 2141 ||| FLEEEEING.
  2265 | D:3      | HP: 7/37 [ogre/+0 giant spiked club (30)]
  2268 | D:3      | 2268 ||| FLEEEEING.
  2502 | D:3      | 2502 ||| READING 2 scrolls of identify.
  2502 | D:3      | 2502 ||| IDENTIFYING red potion
  2503 | D:3      | 2503 ||| READING scroll of identify.
  2503 | D:3      | 2503 ||| IDENTIFYING bubbling green potion
  2504 | D:3      | 2504 ||| READING scroll labelled WIVEIN KOLETEOKHLA.
  2505 | D:3      | 2505 ||| READING scroll labelled BILUDE TECIP.
  2506 | D:3      | 2506 ||| FLEEEEING.
  2616 | D:3      | 2616 ||| READING scroll labelled OPTACA TESTRUI.
  2617 | D:3      | 2617 ||| READING scroll labelled WOLUETAFABU.
  2618 | D:3      | 2618 ||| READING scroll labelled XAQIRI ECARPH.
  2618 | D:3      | 2618 ||| ENCHANTING +0 shortbow.
  2634 | D:4      | Found a transporter.
  2649 | D:4      | Found a transporter.
  2687 | D:4      | 2687 ||| FLEEEEING.
  2920 | D:4      | Noticed Edmund
  2923 | D:4      | 2923 ||| FLEEEEING.
  2924 | D:4      | 2924 ||| FLEEEEING.
  2925 | D:4      | 2925 ||| FLEEEEING.
  2926 | D:4      | 2926 ||| FLEEEEING.
  2927 | D:4      | 2927 ||| FLEEEEING.
  2928 | D:4      | 2928 ||| FLEEEEING.
  2929 | D:4      | 2929 ||| FLEEEEING.
  2930 | D:4      | 2930 ||| FLEEEEING.
  2931 | D:4      | 2931 ||| FLEEEEING.
  2932 | D:4      | 2932 ||| FLEEEEING.
  2933 | D:4      | 2933 ||| FLEEEEING.
  2934 | D:4      | 2934 ||| FLEEEEING.
  2935 | D:4      | 2935 ||| FLEEEEING.
  2936 | D:4      | 2936 ||| FLEEEEING.
  2939 | D:4      | 2939 ||| FLEEEEING.
  2940 | D:4      | 2940 ||| FLEEEEING.
  2941 | D:4      | 2941 ||| FLEEEEING.
  2942 | D:4      | 2942 ||| STAIRDANCE
  2948 | D:4      | 2948 ||| STAIRDANCE
  3069 | D:4      | Killed Edmund
  3070 | D:4      | Reached XP level 7. HP: 32/43 MP: 7/7
  3070 | D:4      | 3070 ||| STAIRDANCE
  3072 | D:3      | 3072 ||| FLEEEEING.
  3253 | D:4      | Reached skill level 8 in Ranged Weapons
  3264 | D:4      | 3264 ||| READING scroll of enchant weapon.
  3264 | D:4      | 3264 ||| ENCHANTING +1 shortbow.
  3287 | D:4      | Found a stormy altar of Qazlal.
  3487 | D:5      | Entered Level 5 of the Dungeon
  3724 | D:5      | 3724 ||| SWAPPING to +0 longbow.
  3725 | D:5      | 3725 ||| DROPPING +2 shortbow.
  3742 | D:5      | 3742 ||| FLEEEEING.
  3745 | D:5      | 3745 ||| FLEEEEING.
  3746 | D:5      | 3746 ||| FLEEEEING.
  3747 | D:5      | 3747 ||| FLEEEEING.
  3748 | D:5      | 3748 ||| FLEEEEING.
  3749 | D:5      | 3749 ||| FLEEEEING.
  3750 | D:5      | 3750 ||| FLEEEEING.
  3751 | D:5      | 3751 ||| FLEEEEING.
  3752 | D:5      | 3752 ||| FLEEEEING.
  3753 | D:5      | 3753 ||| FLEEEEING.
  3754 | D:5      | 3754 ||| FLEEEEING.
  3755 | D:5      | 3755 ||| FLEEEEING.
  3758 | D:5      | 3758 ||| FLEEEEING.
  3760 | D:5      | 3760 ||| STAIRDANCE
  3776 | D:4      | 3776 ||| READING 2 scrolls labelled OTASHR VIOPY.
  3777 | D:4      | 3777 ||| DROPPING scroll of blinking.
  3784 | D:5      | 3784 ||| STAIRDANCE
  3850 | D:5      | 3850 ||| STAIRDANCE
  3852 | D:4      | 3852 ||| FLEEEEING.
  3951 | D:5      | Reached XP level 8. HP: 50/50 MP: 8/8
  4212 | D:5      | Found a staircase to the Ecumenical Temple.
  4213 | D:5      | 4213 ||| PLANNING TEMPLE
  4213 | D:5      | 4213 ||| FLEEEEING.
  4215 | D:5      | 4215 ||| FLEEEEING.
  4216 | D:5      | 4216 ||| FLEEEEING.
  4217 | D:5      | 4217 ||| FLEEEEING.
  4218 | D:5      | 4218 ||| FLEEEEING.
  4219 | D:5      | 4219 ||| FLEEEEING.
  4225 | D:5      | 4225 ||| FLEEEEING.
  4226 | D:5      | 4226 ||| FLEEEEING.
  4228 | D:5      | 4228 ||| FLEEEEING.
  4233 | D:5      | 4233 ||| FLEEEEING.
  4237 | D:5      | 4237 ||| FLEEEEING.
  4238 | D:5      | HP: 8/50 [orc priest/divine providence (11)]
  4239 | D:5      | 4239 ||| DRINKING potion of heal wounds.
  4243 | D:5      | HP: 9/50 [orc warrior/+0 halberd (4)]
  4246 | D:5      | Mangled by an orc warrior

Levels and vault maps discovered:
D:1:      mrwooster_arrival_statue_2, layout_basic, serial_bayou_ford_a
D:2:      layout_loops_ring
D:3:      layout_rooms, mainiacjoe_overflow_boulevard, serial_corexii_hall,
          corexii_hall_statues_t, corexii_hall_statues_l,
          corexii_hall_statues_i, corexii_hall_statues_l, minmay_misc_feat_chi,
          uniq_grinder
D:4:      gammafunk_steamed_eel, layout_loops_ring,
          nicolae_qazlal_scattered_showers, uniq_edmund
D:5:      layout_layer_cave, minmay_temple_entry_proselytizer,
          nicolae_the_louvre, uniq_crazy_yiuf_cottage

Skill      XL: |  1  2  3  4  5  6  7 |
---------------+----------------------+-----
Ranged Weapons | 5 7 8 |  8.5
Armour         | 1 2 |  2.4
Fighting       | 3 4 5 |  5.4
Dodging        | 2 |  2.2
Stealth        | |  1.1

Action                     |  1- 3 |  4- 6 |  7- 9 || total
---------------------------+-------+-------+-------++-------
   Fire: Shortbow          |   147 |    94 |    60 ||   301
         Longbow           |       |       |    40 ||    40
    Use: Scroll            |     3 |     7 |     2 ||    12
         Potion            |     1 |       |     1 ||     2
 Armour: Leather armour    |    40 |       |       ||    40
         Ring mail         |    24 |    33 |    48 ||   105
  Dodge: Dodged            |    76 |    15 |    22 ||   113

Table legend:
 A = Non-vault XP
 B = Vault XP
 C = Vault XP percentage of total XP
 D = Non-vault monster count
 E = Vault monster count
 F = Vault count percentage of total count
                 A         B        C        D         E       F
            +---------+---------+-------+---------+---------+-------
      Total |     944 |     505 |  34.9 |      70 |       3 |   4.1
            +---------+---------+-------+---------+---------+-------
        D:1 |      33 |       0 |   0.0 |      18 |       0 |   0.0
        D:2 |      27 |       0 |   0.0 |      10 |       0 |   0.0
        D:3 |     156 |     309 |  66.5 |      15 |       1 |   6.2
        D:4 |     139 |     153 |  52.4 |       9 |       1 |  10.0
        D:5 |     589 |      43 |   6.8 |      18 |       1 |   5.3
            +---------+---------+-------+---------+---------+-------
